 Dungeon Crawl Stone Soup version 0.19.1 (webtiles) character file.

67 CountDeLaPain the Poker (level 4, -2/34 HPs)
             Began as a Merfolk Gladiator on Dec 2, 2016.
             Slain by a centaur (6 damage)
             ... on level 3 of the Dungeon on Dec 3, 2016.
             The game lasted 00:04:39 (1806 turns).

CountDeLaPain the Poker (Merfolk Gladiator)         Turns: 1806, Time: 00:04:40

Health: -2/34      AC:  6    Str: 15    XL:     4   Next: 18%
Magic:  4/4        EV: 13    Int:  8    God:
Gold:   99         SH:  0    Dex: 14    Spells: 0 memorised, 3 levels left

rFire  . . .     SeeInvis .     a - +0 trident
rCold  . . .     Gourm    .     n - +0 ring mail
rNeg   . . .     Faith    .     (no shield)
rPois  .         Spirit   .     c - +0 helmet
rElec  .         Reflect  .     (no cloak)
rCorr  .         Harm     .     (no gloves)
MR     .....                    (no boots)
Stlth  +.........               (no amulet)
                                (no ring)
                                (no ring)

@: no status effects
A: change form in water, swift swim, stealthy swim
a: no special abilities


You were on level 3 of the Dungeon.
You were not hungry.

You visited 1 branch of the dungeon, and saw 3 of its levels.

You collected 99 gold pieces.

Inventory:

Hand Weapons
 a - a +0 trident (weapon)
Missiles
 d - 3 throwing nets (quivered)
Armour
 b - a +0 leather armour
 c - a +0 helmet (worn)
 n - a +0 ring mail (worn)
Jewellery
 l - an uncursed ring of protection from magic {unknown}
Scrolls
 m - a scroll of identify {unknown}
 p - a scroll of amnesia {unknown}
 q - a scroll of random uselessness {unknown}
 r - a scroll of teleportation {unknown}
 u - a scroll of magic mapping {unknown}
 v - a scroll of enchant armour {unknown}
Potions
 e - a potion of flight {unknown}
 i - a potion of heal wounds {unknown}
 j - a potion of mutation {unknown}
 k - 2 potions of lignification {unknown}
 o - a potion of curing {unknown}
Comestibles
 f - 3 bread rations
 g - 2 meat rations
 h - 8 chunks of flesh
 s - a beef jerky
 t - 3 fruits


   Skills:
 + Level 2.5 Fighting
 + Level 5.9 Polearms
 + Level 2.0 Throwing
 + Level 0.9 Armour
 + Level 4.5 Dodging
 + Level 0.2 Stealth


You had 3 spell levels left.
You didn't know any spells.

Dungeon Overview and Level Annotations

Branches:
Dungeon (3/15)

Altars:
Vehumet


Message History

You hit the centaur.
The centaur is lightly wounded.
The centaur hits you but does no damage.
The frilled lizard bites you.
* * * LOW HITPOINT WARNING * * *
You closely miss the centaur.
The centaur is lightly wounded.
The centaur barely misses you. The frilled lizard bites you.
* * * LOW HITPOINT WARNING * * *
The centaur hits you.
* * * LOW HITPOINT WARNING * * *
You hit the centaur.
The centaur is lightly wounded.
The centaur closely misses you. The frilled lizard misses you.
You hit the centaur.
The centaur is moderately wounded.
The centaur misses you. The frilled lizard bites you.
* * * LOW HITPOINT WARNING * * *
The centaur hits you.
You die...

.... .# . ....
###.# .#. #..##
...## ...##....
....# #..#....
##...#
.##......#!#...#
......b##.##...#
#..c#.#.....#
#@##..#..#
#l#...##..#
#.##.......##
..#...####...#
...#..## #.#.#
#(! #.. #.#.#
#####.. #.#.#
.......## #.#.#
##..#..<####.#


You could see a centaur, a bat and a frilled lizard.

Vanquished Creatures
  A gnoll (D:3)
  2 adders (D:2)
  A worm (D:3)
  A dart slug (D:2)
  3 bats
  A giant cockroach (D:1)
  5 goblins
  8 hobgoblins
  4 kobolds
  5 frilled lizards (D:2)
  4 rats
35 creatures vanquished.

Notes
Turn   | Place    | Note
-------+----------+-------------------------------------------
     0 | D:1      | CountDeLaPain the Merfolk Gladiator began the quest for the Orb.
     0 | D:1      | Reached XP level 1. HP: 16/16 MP: 1/1
   147 | D:1      | Reached XP level 2. HP: 19/23 MP: 2/2
   606 | D:1      | Reached skill level 5 in Polearms
   688 | D:2      | Found a radiant altar of Vehumet.
   755 | D:2      | Reached XP level 3. HP: 24/28 MP: 3/3
  1695 | D:3      | Reached XP level 4. HP: 25/34 MP: 4/4
  1789 | D:3      | Noticed a centaur
  1806 | D:3      | Slain by a centaur

Skill      XL: |  1  2 |
---------------+-------+-----
Polearms       | 5 |  5.9
Fighting       | |  2.5
Throwing       | |  2.0
Armour         | |  0.9
Dodging        | |  4.5
Stealth        | |  0.2

Action                   |  1- 3 |  4- 6 || total
-------------------------+-------+-------++-------
Melee: Trident           |   102 |    22 ||   124
  Eat: Chunk             |     2 |     1 ||     3
Armor: Leather armour    |     9 |       ||     9
       Ring mail         |    24 |    11 ||    35
Dodge: Dodged            |    62 |    25 ||    87
